 Dungeon Crawl Stone Soup version 0.24.0-123-gd5b16e6ec5 (webtiles) character file.

Game seed: 17564256940936716995, levelgen mode: deterministic

21 AuftragZ the Charmwright (level 2, 0/24 HPs)
             Began as a Draconian Skald on Feb 3, 2020.
             Slain by an ooze (3 damage)
             ... on level 1 of the Dungeon.
             The game lasted 00:01:24 (379 turns).

AuftragZ the Charmwright (Draconian Skald)           Turns: 379, Time: 00:01:25

Health: 0/24       AC:  4    Str: 13    XL:     2   Next: 62%
Magic:  0/5        EV: 12    Int: 13    God:
Gold:   52         SH:  0    Dex: 10    Spells: 4/5 levels left

rFire    . . .     SeeInvis .   a - +0 short sword
rCold    + . .     Gourm    .   (no shield)
rNeg     . . .     Faith    .   (armour unavailable)
rPois    .         Spirit   .   (helmet restricted)
rElec    .         Reflect  .   (no cloak)
rCorr    .         Harm     .   (no gloves)
MR       .....                  (no boots)
Stlth    +.........             (no amulet)
HPRegen  0.08/turn              e - ring of protection from cold
MPRegen  0.09/turn              (no ring)

@: infused
A: unfitting armour, cold-blooded, AC +4
a: no special abilities


You were on level 1 of the Dungeon.
You were not hungry.

You visited 1 branch of the dungeon, and saw 1 of its levels.

You collected 52 gold pieces.

Inventory:

Hand Weapons
 a - a +0 short sword (weapon)
Jewellery
 e - a ring of protection from cold (left hand)
Scrolls
 b - a scroll of identify
Comestibles
 c - a ration


   Skills:
 + Level 2.3 Fighting
 + Level 2.2 Short Blades
 + Level 2.2 Dodging
 + Level 2.1 Spellcasting
 + Level 3.2 Charms


You had 4 spell levels left.
You knew the following spells:

 Your Spells              Type           Power        Failure   Level  Hunger
a - Infusion              Chrm           #...         7%          1    ##.....

Your spell library contained the following spells:

 Spells                   Type           Power        Failure   Level  Hunger
 Song of Slaying          Chrm           #.......     10%         2    ###....
 Shroud of Golubria       Chrm/Tloc      #.....       21%         2    ###....
 Regeneration             Chrm/Necr      #.........   36%         3    ####...
 Spectral Weapon          Hex/Chrm       #.......     36%         3    ####...


Dungeon Overview and Level Annotations

Branches:
Dungeon (1/15)

Altars:


Innate Abilities, Weirdness & Mutations

Your plain brown scales are hard. (AC +4)
You cannot fit into any form of body armour.
You are cold-blooded and may be slowed by cold attacks.


Message History

The jackal barks!
You hit the hobgoblin.
You kill the hobgoblin!
The ooze hits you.
* * * LOW HITPOINT WARNING * * *
The jackal closely misses you.
You hit the jackal.
The jackal is moderately wounded.
The jackal bites you but does no damage. x2
The ooze barely misses you. The jackal misses you.
You hit the jackal. You tail-slap the jackal.
The jackal is severely wounded.
The jackal barely misses you. The ooze hits you.
* * * LOW HITPOINT WARNING * * *
The jackal misses you.
The jackal bites you but does no damage.
You miss the jackal. You tail-slap the jackal.
You kill the jackal!
The ooze hits you.
You die...

### ... #.. ...# # #.#
.#.# ## #####.##...#. .#
# #............ .#.###.
.##..........# ##.....
$............# ...###.
#....h.....#. ..g..h.
.####+##@†...... .......
.........J...### ##.##
.#.#...
......#.###....####...###
.# # .# .#### #.#
h....#..≈..#. .# ... #.#
..≈....≈.... .# .#.# #.#
...≈..≈≈≈..≈ .#
.#.###....#.#
....≈≈≈≈≈≈≈.
.#+#.....#....#(#
..≈≈≈≈...≈≈≈ ....#
...#....#.# ≈≈≈≈≈..<..≈≈


You could see an ooze and 2 jackals.

Vanquished Creatures
  2 dart slugs (D:1)
  A leopard gecko (D:1)
  3 hobgoblins (D:1)
  A jackal (D:1)
  2 kobolds (D:1)
  A bat (D:1)
  2 frilled lizards (D:1)
  2 goblins (D:1)
  A rat (D:1)
15 creatures vanquished.

Notes
Turn   | Place    | Note
-------+----------+-------------------------------------------
     0 | D:1      | AuftragZ the Draconian Skald began the quest for the Orb.
     0 | D:1      | Reached XP level 1. HP: 17/17 MP: 3/3
   213 | D:1      | Reached XP level 2. HP: 24/24 MP: 5/5
   253 | D:1      | Reached skill level 3 in Charms
   379 | D:1      | Slain by an ooze

Levels and vault maps discovered:
D:1:      eino_arrival_water_star, layout_basic, minmay_unequal

Skill      XL: |  1  2 |
---------------+-------+-----
Charms         | 3 |  3.2
Fighting       | |  2.3
Short Blades   | |  2.2
Dodging        | |  2.2
Spellcasting   | |  2.1

Action                   || total
-------------------------++-------
Melee: Short sword       ||    30
       Tailslap          ||     6
 Cast: Infusion          ||     1
  Use: Scroll            ||     4
       Potion            ||     2
 Stab: Sleeping          ||     1
Armor: Skin              ||    12
Dodge: Dodged            ||    31
